 Dungeon Crawl Stone Soup version 0.31-a0-557-g6e16503903 (webtiles) character file.

Game seed: 16253892459640537828

457 NerdlingAK the Caller (level 7, 0/48 HPs)
             Began as a Merfolk Summoner on Aug 16, 2023.
             Was an Initiate of Fedhas.
             Slain by a yak (12 damage)
             ... on level 5 of the Dungeon.
             The game lasted 00:35:42 (2719 turns).

NerdlingAK the Caller (Merfolk Summoner)            Turns: 2719, Time: 00:35:42

Health: 0/48       AC:  4    Str:  9    XL:     7   Next: 6%
Magic:  9/13       EV: 13    Int: 16    God:    Fedhas [......]
Gold:   207        SH:  0    Dex: 14    Spells: 5/14 levels left

rFire   . . .        c - +0 dagger
rCold   + . .        (no shield)
rNeg    . . .        a - +2 robe
rPois   .            (no helmet)
rElec   .            (no cloak)
rCorr   .            (no gloves)
SInv    +            (no boots)
Will    .....        (no amulet)
Stlth   ++           e - ring of protection from cold
HPRegen 1.08/turn    (no ring)
MPRegen 0.13/turn

%: no passive effects
@: no status effects
A: (nimble swimmer 2), mertail, see invisible, regeneration 1
a: Renounce Religion


You were on level 5 of the Dungeon.
You worshipped Fedhas.
Fedhas was noncommittal.
You visited 1 branch of the dungeon, and saw 4 of its levels.

You collected 207 gold pieces.

Inventory:

Hand Weapons
 c - a +0 dagger (weapon)
 m - a +0 orcbow
 n - a +0 sling
Missiles
 d - 16 poisoned darts (quivered)
 g - 10 stones
Armour
 a - a +2 robe (worn)
 q - a +0 leather armour
Jewellery
 e - a ring of protection from cold (left hand)
 i - an amulet of guardian spirit
Talismans
 f - a blade talisman
Wands
 j - a wand of flame (26)
 p - a wand of paralysis (6)
Scrolls
 h - 2 scrolls of enchant armour
 l - 3 scrolls of immolation
 o - a scroll of identify
Potions
 b - a potion of magic


   Skills:
 + Level 1.4 Fighting
 + Level 1.1 Short Blades
 + Level 3.5 Dodging
 + Level 2.7 Stealth
 + Level 4.4 Spellcasting
 + Level 0.1 Hexes
 + Level 6.1 Summonings


You had 5 spell levels left.
You knew the following spells:

 Your Spells              Type           Power      Damage    Failure   Level
a - Summon Small Mammal   Summ           92%        N/A       1%          1
b - Call Imp              Summ           46%        N/A       1%          2
c - Call Canine Familiar  Summ           23%        N/A       4%          3
d - Summon Guardian Gole  Hex/Summ       13%        N/A       14%         3

Your spell library contained the following spells:

 Spells                   Type           Power      Damage    Failure   Level
 Cigotuvi's Dreadful Rot  Necr/Pois/Air  6%         N/A       24%         2
 Ignite Poison            Fire/Tmut/Pois 3%         N/A       43%         3
 Portal Projectile        Hex/Tloc       6%         N/A       43%         3
 Tukima's Dance           Hex            3%         N/A       43%         3
 Summon Lightning Spire   Summ/Air       13%        N/A       43%         4
 Iskenderun's Mystic Bla  Conj/Tloc      3%         2d3       85%         4
 Freezing Cloud           Conj/Ice/Air   1%         6-21      99%         5


Dungeon Overview and Level Annotations

Branches:
Dungeon (5/15)
 Temple: D:4-7

Altars:
Fedhas

Shops:
D:2 [


Innate Abilities, Weirdness & Mutations

((You are very nimble when in or above water. (Stealth+, EV+, Speed+++)))
Your lower body shifts to a powerful aquatic tail in water.
You have supernaturally acute eyesight. (SInv)
Your natural rate of healing is unusually fast.


Message History

Your hound closely misses the yak.
Your hound bites the yak.
The yak gores you!
Your hound bites the yak.
Your hound closely misses the yak.
Your hound bites the yak.
Your hound bites the yak but does no damage.
Your hound closely misses the yak.
The yak misses you. The yak attacks as you move away! The yak gores you.
Your hound bites the yak. x2
The yak attacks as you move away! The yak misses you.
Your hound bites the yak but does no damage.
Your hound bites the yak.
The yak gores you! The yak attacks as you move away! The yak barely misses you.
Your hound barely misses the yak.
Your hound bites the yak.
Your hound closely misses the yak.
Your hound bites the yak.
The yak closely misses you.
Your hound bites the yak.
The yak dies!
Fedhas appreciates your contribution to the ecosystem.
Your Spellcasting skill increases to level 4!
Your Summonings skill increases to level 6!
You have reached level 7!
Your guardian golem disappears in a puff of smoke!
A yak comes into view.
The yak bellows!
A yak comes into view. x2
A yak comes into view.
The yak bellows! x2
Your hound disappears in a puff of smoke!
The yak closely misses you. The yak attacks as you move away!
The yak closely misses you. The yak barely misses you.
The yak attacks as you move away! The yak gores you!
The yak attacks as you move away! The yak gores you!
The yak attacks as you move away! The yak misses you. The yak gores you!
* * * LOW HITPOINT WARNING * * *
The yak attacks as you move away! The yak gores you!
You die...
Fedhas appreciates your contribution to the ecosystem.

#...#.##............#####
#...#.##.......Y....#
#.P.#.##............#
#.P.#.#######.#######
#.P.#.# #Y# ##.P.#.# #Y#
#......# #.#
##...#########Y#
#..P........@Y.#
##.P.#.######### #.P.#.#
#.P...# #....## #....#
##...# #####


You could see 2 yaks.

Vanquished Creatures
  3 bats (D:1)
  2 endoplasms (D:1)
  2 giant cockroaches
  A hobgoblin (D:2)
  2 frilled lizards (D:1)
  A goblin (D:1)
  A rat (D:1)
12 creatures vanquished.

Vanquished Creatures (collateral kills)
  A yak (D:5)
  A black bear (D:5)
  Blork the orc (D:5)
  A jelly (D:4)
  An orc priest (D:4)
  5 adders
  4 dart slugs
  An orc (D:4)
  A bat (D:1)
  2 endoplasms (D:4)
  2 goblins
  5 hobgoblins
  A kobold (D:1)
  2 ball pythons
  A frilled lizard (D:2)
  A rat (D:1)
30 creatures vanquished.

Grand Total: 42 creatures vanquished

Notes
Turn   | Place    | Note
-------+----------+-------------------------------------------
     0 | D:1      | NerdlingAK the Merfolk Summoner began the quest for the
                  | Orb.
     0 | D:1      | Reached XP level 1. HP: 13/13 MP: 3/3
   253 | D:1      | Reached XP level 2. HP: 19/20 MP: 5/5
   274 | D:1      | Learned a level 2 spell: Call Imp
   487 | D:1      | Found a faded altar of an unknown god.
   620 | D:1      | Reached XP level 3. HP: 25/25 MP: 1/6
   683 | D:1      | Learned a level 3 spell: Call Canine Familiar
   944 | D:2      | Found Ummasero's Armour Shop.
  1226 | D:2      | You fall into a shaft and drop 2 floors!
  1452 | D:4      | Reached XP level 4. HP: 31/31 MP: 4/8
  1922 | D:4      | Reached skill level 5 in Summonings
  1930 | D:4      | Reached XP level 5. HP: 27/36 MP: 3/9
  2035 | D:4      | Gained mutation: Your natural rate of healing is unusually
                  | fast. [potion of mutation]
  2035 | D:4      | Gained mutation: You have supernaturally acute eyesight.
                  | (SInv) [potion of mutation]
  2395 | D:5      | Entered Level 5 of the Dungeon
  2395 | D:5      | Found a blossoming altar of Fedhas.
  2425 | D:5      | Became a worshipper of Fedhas Madash
  2447 | D:5      | Noticed a black bear
  2465 | D:5      | Killed a black bear
  2466 | D:5      | Reached skill level 1 in Fighting
  2466 | D:5      | Reached skill level 1 in Short Blades
  2466 | D:5      | Reached XP level 6. HP: 43/43 MP: 2/11
  2572 | D:5      | Noticed Blork the orc
  2603 | D:5      | Killed Blork the orc
  2638 | D:5      | Learned a level 3 spell: Summon Guardian Golem
  2664 | D:5      | Noticed a yak
  2694 | D:5      | Killed a yak
  2695 | D:5      | Reached skill level 6 in Summonings
  2695 | D:5      | Reached XP level 7. HP: 23/48 MP: 5/13
  2698 | D:5      | Noticed a yak
  2698 | D:5      | Noticed a yak
  2698 | D:5      | Noticed a yak
  2699 | D:5      | Noticed a yak
  2719 | D:5      | Slain by a yak

Illustrated notes

Levels and vault maps discovered:
D:1:      nzn_arrival_water_spiral, layout_rooms,
          hellmonk_ecumenical_altar_defaced_shrine
D:2:      layout_loops_ring, serial_shops, nicolae_shop_waterfront,
          minmay_worlds_worst_comb, uniq_crazy_yiuf_cottage
D:4:      minmay_spotlight, layout_basic, serial_bayou, serial_bayou_shore_b,
          serial_bayou_pond_c, serial_bayou_ford_a, serial_bayou_pond_d
D:5:      layout_basic, nicolae_tso_swordbearing_angel,
          mainiacjoe_overflow_boulevard, minmay_temple_entry_grid, serial_shops,
          shop, grunt_decor_arrowhead, uniq_blork_the_orc

Skill      XL: |  1  2  3  4  5  6 |
---------------+-------------------+-----
Dodging        | 3 |  3.5
Spellcasting   | 3 4 |  4.4
Summonings     | 5 6 |  6.1
Fighting       | 1 |  1.4
Short Blades   | 1 |  1.1
Stealth        | |  2.7
Hexes          | |  0.1

Action                     |  1- 3 |  4- 6 |  7- 9 || total
---------------------------+-------+-------+-------++-------
  Melee: Dagger            |    42 |    31 |       ||    73
         Unarmed           |    10 |       |       ||    10
         Tailslap          |     4 |     2 |       ||     6
         Punch             |     1 |     1 |       ||     2
  Throw: Dart              |     2 |       |       ||     2
   Cast: Summon Small Mamm |    14 |     4 |       ||    18
         Call Imp          |    13 |     8 |       ||    21
         Call Canine Famil |     5 |     8 |       ||    13
         Summon Guardian G |       |     1 |       ||     1
Ability: Begin Untransform |       |     1 |       ||     1
    Use: Scroll            |     9 |     1 |       ||    10
         Potion            |     2 |     5 |       ||     7
   Stab: Sleeping          |     1 |       |       ||     1
 Armour: Robe              |    15 |     6 |       ||    21
  Dodge: Dodged            |    42 |    19 |     4 ||    65
   Form: Blade             |       |     1 |       ||     1

Table legend: (Time is in decaauts)
 A = Elapsed time spent in this place.
 B = Non-inter-level travel time spent in this place.
 C = Inter-level travel time spent in this place.
 D = Time resting spent in this place.
 E = Time spent auto-exploring this place.
 F = Levels seen in this place.
 G = Mean time per level.
                   A        B        C        D        E       F      G
               +--------+--------+--------+--------+--------+-----+--------+
         Total |   2674 |   2674 |      0 |     54 |    836 |   4 |  668.5 |
       Dungeon |   2674 |   2674 |      0 |     54 |    836 |   4 |  668.5 |
               +--------+--------+--------+--------+--------+-----+--------+

Top non-repeatable levels by time:
     D:4: 1141 daAuts
     D:1: 882 daAuts
     D:5: 329 daAuts
     D:2: 321 daAuts
